 Dungeon Crawl Stone Soup version 0.29-a0-334-gb41bcbb86e (webtiles) character file.

Game seed: 10377125071611991214

128 sammy202020 the Skirmisher (level 4, -1/42 HPs)
             Began as a Minotaur Berserker on Apr 15, 2022.
             Was a Believer of Trog.
             Slain by a sky beast (5 damage)
             ... on level 3 of the Dungeon.
             The game lasted 00:03:33 (1678 turns).

sammy202020 the Skirmisher (Minotaur Berserker)     Turns: 1678, Time: 00:03:34

Health: -1/42      AC:  5    Str: 22    XL:     4   Next: 86%
Magic:  3/3        EV: 10    Int:  6    God:    Trog [**....]
Gold:   103        SH:  3    Dex:  9    Spells: 3/3 levels left

rFire   . . .      SeeInvis .   a - +0 hand axe
rCold   + + .      Faith    .   g - +0 buckler
rNeg    . . .      Spirit   .   f - +0 ring mail
rPois   .          Reflect  .   (helmet restricted)
rElec   .          Harm     .   (no cloak)
rCorr   .          Rampage  .   (no gloves)
Will    .....                   (no boots)
Stlth   ..........              (no amulet)
HPRegen 0.14/turn               e - ring of protection from cold
MPRegen 0.08/turn               k - ring of protection from cold

@: no status effects
A: horns 2, retaliatory headbutt
a: Renounce Religion, Berserk, Trog's Hand


You were on level 3 of the Dungeon.
You worshipped Trog.
Trog was pleased with you.
You visited 1 branch of the dungeon, and saw 3 of its levels.

You collected 103 gold pieces.

Inventory:

Hand Weapons
 a - a +0 hand axe (weapon)
 m - a +0 mace
Missiles
 d - 8 poisoned darts (quivered)
 j - 5 atropa-tipped darts
Armour
 f - a +0 ring mail (worn)
 g - a +0 buckler (worn)
Jewellery
 e - a ring of protection from cold (left hand)
 k - a ring of protection from cold (right hand)
Scrolls
 c - a scroll of fear {unknown}
 h - a scroll of torment {unknown}
 i - 3 scrolls of identify {unknown}
 p - 2 scrolls of enchant armour {unknown}
 s - a scroll of blinking {unknown}
 u - a scroll of noise {unknown}
Potions
 b - a potion of heal wounds {unknown}
 l - 2 potions of might {unknown}
 n - a potion of brilliance {unknown}
 o - a potion of berserk rage {unknown}
 q - 2 potions of curing {unknown}
 r - a potion of mutation {unknown}
 t - a potion of attraction {unknown}


   Skills:
 * Level 5.0 Fighting
 * Level 5.0 Axes
 + Level 3.4 Armour
 - Level 2.1 Dodging
 + Level 1.2 Shields


You had 3 spell levels left.
You didn't know any spells.
Your spell library was empty.

Dungeon Overview and Level Annotations

Branches:
Dungeon (3/15)

Altars:

Shops:
D:3 ?


Innate Abilities, Weirdness & Mutations

You have a pair of horns on your head.
You reflexively headbutt those who attack you in melee.


Message History

No target in view!
No target in view!
No target in view!
No target in view!
No target in view!
No target in view!
No target in view!
You hit something but do no damage. Something hits you but does no damage.
You closely miss something. Your headbutt misses something.
A sky beast appears from thin air!
Reactivating autopickup.
The sky beast hits you but does no damage.
You barely miss the sky beast.
The sky beast flickers out of sight!
Deactivating autopickup; reactivate with Ctrl-A.
Something hits you. Something shocks you.
You barely miss something. You headbutt something. Something hits you.
Something shocks you.
You slash something!
A sky beast appears from thin air!
Reactivating autopickup.
The sky beast hits you but does no damage.
You miss the sky beast. You headbutt the sky beast.
The sky beast is heavily wounded.
The sky beast barely misses you.
You barely miss the sky beast.
The sky beast is heavily wounded.
The sky beast flickers out of sight!
Deactivating autopickup; reactivate with Ctrl-A.
Something hits you but does no damage. x2
You hit something. Your headbutt misses something.
You block something's attack.
You closely miss something. Your headbutt misses something. Something hits you.
Something shocks you.
You miss something. Your headbutt misses something. Something hits you.
* * * LOW HITPOINT WARNING * * *
Something shocks you.
* * * LOW HITPOINT WARNING * * *
You barely miss something. Something hits you.
* * * LOW HITPOINT WARNING * * *
Something shocks you.
You die...

###.#.####.##...####...
#.#.####......?......
#.....#####...####...
#.....#####...#
#...<.†.......#
#.....#####.)##
........####..)#
###............#####..#
#............$@{....#
...###############...#
##.. ..$ #.. #


There were no monsters in sight!

Vanquished Creatures
  An orc priest (D:3)
  A gnoll (D:1)
  2 adders (D:2)
  A dart slug (D:1)
  4 orcs (D:3)
  7 bats
  5 endoplasms
  5 giant cockroaches
  5 goblins
  3 hobgoblins
  6 jackals (D:1)
  A quokka (D:1)
  5 ball pythons
  A frilled lizard (D:1)
  10 kobolds
  3 rats
60 creatures vanquished.

Vanquished Creatures (others)
  2 plants (D:1)
2 creatures vanquished.

Grand Total: 62 creatures vanquished

Notes
Turn   | Place    | Note
-------+----------+-------------------------------------------
     0 | D:1      | sammy202020 the Minotaur Berserker began the quest for the
                  | Orb.
     0 | D:1      | Reached XP level 1. HP: 19/19 MP: 0/0
    58 | D:1      | Reached XP level 2. HP: 27/27 MP: 1/1
   107 | D:1      | Reached XP level 3. HP: 16/33 MP: 2/2
   110 | D:1      | Reached ** piety under Trog
   790 | D:1      | Found a faded altar of an unknown god.
  1200 | D:2      | Reached XP level 4. HP: 35/41 MP: 3/3
  1626 | D:3      | Reached skill level 1 in Shields
  1632 | D:3      | Found Imisist's Magic Scroll Shop.
  1656 | D:3      | Reached skill level 5 in Fighting
  1657 | D:3      | Noticed a sky beast
  1666 | D:3      | Reached skill level 5 in Axes
  1678 | D:3      | Slain by a sky beast

Illustrated notes

Levels and vault maps discovered:
D:1:      psy_arrival_basics, layout_basic, hellmonk_ecumenical_altar_run_dry,
          nicolae_grassy_gnolls
D:2:      layout_basic, chequers_mini_garden
D:3:      layout_loops_ring, serial_shops, shop, kennysheep_orc_chapel

Skill      XL: |  1  2  3  4 |
---------------+-------------+-----
Fighting       | 4 5 |  5.0
Axes           | 4 5 |  5.0
Armour         | 3 |  3.4
Shields        | 1 |  1.2
Dodging        | |  2.1

Action                   |  1- 3 |  4- 6 || total
-------------------------+-------+-------++-------
Melee: Hand axe          |    93 |    40 ||   133
       Headbutt          |    10 |     6 ||    16
Armor: Animal skin       |    17 |       ||    17
       Ring mail         |    31 |     9 ||    40
Dodge: Dodged            |    73 |    13 ||    86
Block: Buckler           |     9 |     4 ||    13

Table legend: (Time is in decaauts)
 A = Elapsed time spent in this place.
 B = Non-inter-level travel time spent in this place.
 C = Inter-level travel time spent in this place.
 D = Time resting spent in this place.
 E = Time spent auto-exploring this place.
 F = Levels seen in this place.
 G = Mean time per level.
                   A        B        C        D        E       F      G
               +--------+--------+--------+--------+--------+-----+--------+
         Total |   1691 |   1623 |     68 |      0 |   1208 |   3 |  563.7 |
       Dungeon |   1691 |   1623 |     68 |      0 |   1208 |   3 |  563.7 |
               +--------+--------+--------+--------+--------+-----+--------+

Top non-repeatable levels by time:
     D:1: 925 daAuts
     D:2: 660 daAuts
     D:3: 106 daAuts
